 Dungeon Crawl Stone Soup version 0.28.0-43-g3370ac3207 (webtiles) character file.

Game seed: 7049784493733999151

2577 Descartes the Covert (level 9, -2/36 HPs)
             Began as a Felid Wanderer on Mar 13, 2022.
             Was a High Priest of Elyvilon.
             Killed from afar by an orc wizard (4 damage)
             ... with a magic dart
             ... on level 1 of the Orcish Mines.
             The game lasted 00:36:31 (10431 turns).

Descartes the Covert (Felid Wanderer)              Turns: 10431, Time: 00:36:31

Health: -2/36      AC:  2    Str: 15    XL:     9   Next: 32%
Magic:  10/10      EV: 24    Int: 14    God:    Elyvilon [*****.]
Gold:   755        SH:  0    Dex: 19    Spells: 3/8 levels left
                                        Lives:  0   Deaths: 3

rFire   . . .      SeeInvis +     - Unarmed
rCold   . . .      Faith    .   (shield unavailable)
rNeg    . . .      Spirit   .   (armour unavailable)
rPois   +          Reflect  .   (helmet unavailable)
rElec   +          Harm     .   (cloak unavailable)
rCorr   .          Rampage  .   (gloves unavailable)
Will    ++...                   (boots unavailable)
Stlth   +++++.....              f - amulet of regeneration
HPRegen 0.92/turn               B - ring of willpower
MPRegen 0.12/turn               l - +6 ring of strength

@: quick
A: very small, claws 1, fangs 3, see invisible, speed 1, shaggy fur 2, stealthy
paws, no weapons or thrown items, no armour, multi-lived, frail 1, poison
resistance, electricity resistance
a: Renounce Religion, Purification, Heal Other, Heal Self, Divine Vigour


You were on level 1 of the Orcish Mines.
You worshipped Elyvilon.
Elyvilon was extremely pleased with you.
You visited 3 branches of the dungeon, and saw 13 of its levels.

You collected 755 gold pieces.

Inventory:

Missiles
 e - 289 stones
Jewellery
 f - an amulet of regeneration (around neck)
 k - a +6 ring of dexterity
 l - a +6 ring of strength (right paw)
 m - a ring of positive energy
 w - a ring of flight
 A - a ring of positive energy
 B - a ring of willpower (left paw)
 D - an amulet of magic regeneration
Wands
 b - a wand of paralysis (3)
 s - a wand of flame (24)
 x - a wand of charming (8)
Scrolls
 a - 3 scrolls of fear
 g - a scroll of enchant armour
 h - 2 scrolls of holy word
 j - a scroll of blinking
 n - a scroll of enchant weapon
 p - a scroll of silence
 q - a scroll of brand weapon {unknown}
 r - 4 scrolls of teleportation
 t - a scroll of immolation {unknown}
 v - 5 scrolls of identify
 y - a scroll of noise {unknown}
 z - a scroll of magic mapping {unknown}
Potions
 c - 4 potions of mutation
 d - 2 potions of flight
 i - a potion of curing
 u - 2 potions of attraction {unknown}
 C - a potion of might {unknown}


   Skills:
 - Level 5.0 Fighting
 - Level 10.0 Dodging
 + Level 10.2 Stealth
 * Level 9.5 Unarmed Combat
 + Level 7.0 Hexes
 + Level 9.2 Translocations
 + Level 7.0 Transmutations
 + Level 4.6 Evocations


You had 3 spell levels left.
You knew the following spells:

 Your Spells              Type           Power      Damage    Failure   Level
a - Yara's Violent Unrav  Hex/Tmut       9%         3d6       41%         5

Your spell library contained the following spells:

 Spells                   Type           Power      Damage    Failure   Level
 Tukima's Dance           Hex            19%        N/A       4%          3
 Animate Skeleton         Necr           0%         N/A       28%         1
 Freeze                   Ice            0%         1d3       28%         1
 Pain                     Necr           0%         1d4       28%         1
 Frozen Ramparts          Ice            0%         1d2       65%         3
 Vampiric Draining        Necr           0%         2d6       65%         3
 Passage of Golubria      Tloc           26%        N/A       6%          4
 Hailstorm                Conj/Ice       0%         3d3       96%         4


Dungeon Overview and Level Annotations

Branches:
Dungeon (11/15)            Temple (1/1) D:4            Lair (0/6) D:11
    Orc (1/2) D:9

Altars:
Ashenzari
Cheibriados
Dithmenos
Elyvilon
Fedhas
Gozag
Hepliaklqana
Kikubaaqudgha
Makhleb
Nemelex Xobeh
Okawaru
Qazlal
Ru
Sif Muna
Trog
Uskayaw
Vehumet
Wu Jian
Xom
Yredelemnul
Zin
The Shining One

Shops:
D:4 !   D:8 :[([

Annotations:
D:9 exclusion: electric eel


Innate Abilities, Weirdness & Mutations

You have sharp claws.
You have razor-sharp teeth.
You have supernaturally acute eyesight. (SInv)
You cover ground quickly. (Speed+)
You are covered in thick fur. (AC +2)
Your paws help you pounce on unaware monsters.
You are incapable of wielding weapons or throwing items.
You cannot wear armour.
You gain extra lives every three experience levels.
You are frail. (-10% HP)
Your system is resistant to poisons. (rPois)
You are resistant to electric shocks. (rElec)


Message History

There is a staircase to the Orcish Mines, spattered with blood here.
You scratch the orc. Your claw misses the orc.
The orc is almost dead.
The orc barely misses you.
You claw the orc!
You kill the orc!
No target in view!
You climb downwards.
Welcome back to the Orcish Mines!
The ogre completely misses you. The orc warrior closely misses you.
The orc wizard gestures at you while chanting.
The magic dart hits you!
There is a staircase back to the Dungeon, spattered with blood here.
The ogre barely misses you. The orc warrior closely misses you.
You climb upwards.
Welcome back to the Dungeon!
Level annotation: exclusion: electric eel
There is a staircase to the Orcish Mines, spattered with blood here.
You claw the ogre! You bite the ogre, but do no damage.
The ogre is heavily wounded.
The ogre completely misses you.
You scratch the ogre.
The ogre is severely wounded.
You claw the ogre!
You kill the ogre!
No target in view!
HP restored.
Items here: ))))))))) [[[[[[[ ††††.
There is a staircase to the Orcish Mines, spattered with blood here.
You climb downwards.
Welcome back to the Orcish Mines!
The orc warrior completely misses you. x2
There is a staircase back to the Dungeon, spattered with blood here.
The orc warrior hits you from afar with a +0 halberd!
The orc sorcerer shouts!
The orc wizard casts a spell at you. The puff of flame misses you.
The orc warrior hits you from afar with a +0 halberd!!
Ouch! That really hurt!
* * * LOW HITPOINT WARNING * * *
The orc wizard gestures at you while chanting.
The magic dart hits you.
You die...

#.#........### ..
##.........O..##..
#................
##............... .
o#..............#...
.o............o#.$..
#......^...........
#......o..>@.....o.
....................
.....#.#..o.........
...$...o..#......$..
...........#.#......
$...................
.............#......
..#...#...$$......#


You could see an orc sorcerer, an orc warrior, an ogre (wandering), 2 orc
wizards and an orc.

Vanquished Creatures
  A two-headed ogre (D:11)
  Urug (D:11)
  An ugly thing (D:11)
  2 centaur zombies
  Maurice (D:8)
  2 unseen horrors
  A troll (D:10)
  Grinder (D:3)
  A hornet (D:7)
  A shadow (D:11)
  5 yaks (D:10)
  Eustachio (D:5)
  A steam dragon (D:8)
  A basilisk (D:11)
  2 water moccasins
  8 orc warriors
  4 ice beasts
  A sky beast (D:7)
  A black bear (D:8)
  2 wolves
  4 ogres
  4 necrophages
  3 scorpions
  A water moccasin zombie (D:6)
  A wyvern skeleton (D:6)
  15 killer bees
  4 wights (D:6)
  2 howler monkeys (D:10)
  4 electric eels
  2 bullfrog zombies
  A centaur skeleton (D:6)
  4 orc priests
  A gnoll shaman (D:8)
  3 hounds
  7 iguanas
  16 orc wizards
  A hound skeleton (D:4)
  12 gnolls
  7 adders
  3 shadow imps
  2 white imps
  2 ufetubi
  An adder skeleton (D:5)
  2 worms (D:2)
  3 dart slugs
  48 orcs
  7 ball pythons
  8 endoplasms
  6 giant cockroaches
  6 goblins
  6 hobgoblins
  3 jackals (D:2)
  3 quokkas
  4 bats
  3 frilled lizards
  3 kobolds
  A quokka skeleton (D:4)
  5 rats
246 creatures vanquished.

Vanquished Creatures (others)
  An orc (D:10)
1 creature vanquished.

Grand Total: 247 creatures vanquished

Notes
Turn   | Place    | Note
-------+----------+-------------------------------------------
     0 | D:1      | Descartes the Felid Wanderer began the quest for the Orb.
     0 | D:1      | Descartes set off with the following items: a scroll of
                  | fear, a potion of curing
     0 | D:1      | Reached XP level 1. HP: 9/9 MP: 2/2
   541 | D:1      | Reached XP level 2. HP: 12/13 MP: 3/3
   874 | D:1      | Reached skill level 1 in Translocations
   904 | D:1      | Found a faded altar of an unknown god.
   959 | D:1      | Reached skill level 1 in Unarmed Combat
  1367 | D:2      | Reached XP level 3. HP: 16/16 MP: 4/4
  1430 | D:2      | Found a white marble altar of Elyvilon.
  1483 | D:2      | Became a worshipper of Elyvilon the Healer
  1701 | D:2      | Reached skill level 1 in Transmutations
  1729 | D:2      | Reached XP level 4. HP: 13/20 MP: 5/5
  1767 | D:2      | Noticed an ogre
  1837 | D:2      | Killed an ogre
  1838 | D:2      | Reached skill level 5 in Dodging
  1838 | D:2      | Reached XP level 5. HP: 23/23 MP: 6/6
  2610 | D:3      | Found a white marble altar of Elyvilon.
  2629 | D:3      | Reached * piety under Elyvilon
  2638 | D:3      | Noticed Grinder
  2687 | D:3      | Killed Grinder
  2688 | D:3      | Gained mutation: You are covered in thick fur. (AC +2)
                  | [Felid growth]
  2688 | D:3      | Reached XP level 6. HP: 18/28 MP: 7/7
  3048 | D:3      | Found a hide-covered altar of Uskayaw.
  3153 | D:4      | Found Vayn's Distillery.
  3205 | D:4      | Reached XP level 7. HP: 31/31 MP: 8/8
  3282 | D:4      | Found a stormy altar of Qazlal.
  3285 | D:4      | Found a blossoming altar of Fedhas.
  3449 | D:4      | Found a staircase to the Ecumenical Temple.
  3562 | Temple   | Entered the Ecumenical Temple
  4045 | D:5      | Entered Level 5 of the Dungeon
  4175 | D:5      | Elyvilon protects you from harm!
  4217 | D:5      | Noticed Eustachio
  4226 | D:5      | Killed Eustachio
  4227 | D:5      | Reached XP level 8. HP: 32/35 MP: 9/9
  4300 | D:5      | Identified the +1 robe "Ipsenami" {Int+4}
  4309 | D:5      | Reached ** piety under Elyvilon
  4876 | D:6      | Reached skill level 10 in Stealth
  4876 | D:6      | Reached skill level 5 in Unarmed Combat
  4876 | D:6      | Reached skill level 5 in Translocations
  4951 | D:6      | Found a radiant altar of Vehumet.
  5037 | D:6      | Reached XP level 9. HP: 39/39 MP: 10/10
  5251 | D:6      | Found a glowing silver altar of Zin.
  5515 | D:6      | Found an ancient bone altar of Kikubaaqudgha.
  5702 | D:7      | Reached *** piety under Elyvilon
  5758 | D:7      | Learned a level 5 spell: Yara's Violent Unravelling
  5856 | D:6      | Reached skill level 1 in Hexes
  6077 | D:7      | Slain by a killer bee
  6078 | D:7      | Reached XP level 8. HP: 0/36 MP: 9/9
  6131 | D:7      | Noticed a hornet
  6138 | D:7      | Gained mutation: You are frail. (-10% HP) [potion of
                  | mutation]
  6138 | D:7      | Gained mutation: Your system is resistant to poisons.
                  | (rPois) [potion of mutation]
  6138 | D:7      | Gained mutation: You are resistant to electric shocks.
                  | (rElec) [potion of mutation]
  6143 | D:7      | Killed a hornet
  6144 | D:7      | Reached skill level 5 in Fighting
  6424 | D:8      | Noticed Maurice
  6431 | D:8      | Killed Maurice
  6432 | D:8      | Reached skill level 10 in Dodging
  6432 | D:8      | Reached skill level 5 in Transmutations
  6432 | D:8      | Reached XP level 9. HP: 36/36 MP: 10/10
  6458 | D:8      | Found Tur Ojauxt's Antique Armour Shoppe.
  6512 | D:8      | Found a sparkling altar of Nemelex Xobeh.
  6533 | D:8      | Found Lehicsiz's Book Boutique.
  6553 | D:8      | Reached **** piety under Elyvilon
  6561 | D:8      | Found a burning altar of Makhleb.
  6732 | D:8      | Found Vipneap's Weapon Boutique.
  6784 | D:8      | Found Eratuwk's Armour Emporium.
  6852 | D:8      | Reached skill level 1 in Evocations
  6960 | D:8      | Found a hazy altar of Hepliaklqana.
  7583 | D:9      | HP: 1/36 [orc warrior/+0 trident (19)]
  7975 | D:9      | Reached ***** piety under Elyvilon
  8066 | D:9      | Found a staircase to the Orcish Mines.
  8127 | D:10     | Entered Level 10 of the Dungeon
  8185 | D:10     | Noticed a troll
  8191 | D:10     | Found a sacrificial altar of Ru.
  8203 | D:10     | Killed a troll
  8204 | D:10     | Reached XP level 10. HP: 26/39 MP: 11/11
  8249 | D:10     | Found a broken altar of Ashenzari.
  8430 | D:10     | Found an opulent altar of Gozag.
  8490 | D:10     | Elyvilon protects you from harm!
  8906 | D:10     | Reached skill level 5 in Hexes
  9391 | D:11     | Found a shimmering altar of Xom.
  9427 | D:11     | Noticed a two-headed ogre
  9469 | D:11     | Noticed Urug
  9473 | D:11     | Killed Urug
  9493 | D:11     | Elyvilon protects you from harm!
  9684 | D:11     | Killed a two-headed ogre
  9766 | D:11     | Found a staircase to the Lair.
  9868 | D:11     | Noticed a green ugly thing
  9871 | D:11     | Killed a green ugly thing
  9908 | D:11     | Slain by a gnoll
  9909 | D:11     | Reached XP level 9. HP: 0/36 MP: 10/10
  9928 | D:11     | Reached XP level 10. HP: 39/39 MP: 11/11
  9939 | D:11     | Noticed a manticore
  9948 | D:11     | HP: 1/39 [wolf (6)]
  9948 | D:11     | Elyvilon protects you from harm!
 10234 | D:10     | HP: 1/39 [wolf (5)]
 10235 | D:10     | Slain by a wolf
 10236 | D:10     | Reached XP level 9. HP: -2/36 MP: 10/10
 10310 | Orc:1    | Entered Level 1 of the Orcish Mines
 10368 | Orc:1    | Noticed an orc sorcerer
 10382 | D:9      | Elyvilon protects you from harm!
 10431 | Orc:1    | Killed from afar by an orc wizard

Illustrated notes

Levels and vault maps discovered:
D:1:      ebering_trefoil_twist, layout_loops_corners,
          shapermc_ecumenical_altar_mp_vishouse, hex_tiny, minmay_tall_x
D:2:      minmay_thinvault, layout_basic, basic_altar, minmay_misc_feat_square,
          fountainhead
D:3:      layout_rooms, nicolae_uskayaw_suspiria,
          mainiacjoe_overflow_small_starburst, uniq_grinder
D:4:      layout_loops_ring, grunt_temple_overflow_forces_of_nature,
          minmay_temple_entry_statues_fountains, serial_shops,
          nicolae_shop_stone
D:5:      layout_rooms, uniq_eustachio
D:6:      cheibrodos_helix_gallery, layout_rooms, zin_treasury,
          kiku_gazebo_pond_becter, nicolae_vehumet_radiance
D:7:      layout_rooms, serial_curves, eino_curves_04, eino_curves_03,
          eino_curves_03
D:8:      layout_basic, mainiacjoe_overflow_alcove_4,
          mainiacjoe_overflow_alcove_1, nemelex_spade_bored_becter,
          serial_shops, nicolae_lakefront_shop, shop, nicolae_shop_stone,
          nicolae_shop_crystal, uniq_maurice
D:9:      layout_basic, erik_orc_2
D:10:     layout_basic, mainiacjoe_overflow_catwalk, grunt_gozag_breadcrumbs,
          evilmike_ruin_ashenzari
D:11:     layout_small_grid, erik_lair_island, xom_teletrap_fun, uniq_urug
Temple:   compressed_dpeg_triangle_lava_temple
Orc:1:    layout_caves, uniq_jorgrun

Skill      XL: |  1  2  3  4  5  6  7  8  9 10 |
---------------+-------------------------------+-----
Translocations | 1 2 3 4 5 7 9 |  9.2
Unarmed Combat | 1 2 3 4 7 8 9 |  9.5
Stealth        | 7 8 9 10 | 10.2
Transmutations | 1 2 5 7 6 |  7.0
Dodging        | 5 6 7 10 9 | 10.0
Fighting       | 3 5 |  5.0
Hexes          | 3 7 6 |  7.0
Evocations     | 2 4 |  4.6

Action                   |  1- 3 |  4- 6 |  7- 9 | 10-12 || total
-------------------------+-------+-------+-------+-------++-------
Melee: Unarmed           |   100 |   107 |   733 |   201 ||  1141
       Bite              |     6 |    14 |   100 |    27 ||   147
       Punch             |     1 |     4 |    29 |    14 ||    48
Evoke: Wand              |       |       |     5 |     7 ||    12
  Use: Potion            |     1 |     5 |    12 |     1 ||    19
       Scroll            |       |     4 |     5 |     1 ||    10
 Stab: Sleeping          |    17 |    12 |    21 |     4 ||    54
       Confused          |       |     1 |       |       ||     1
       Invisible         |       |       |     2 |       ||     2
       Distracted        |       |       |     3 |     1 ||     4
       Paralysed         |       |       |     2 |       ||     2
Armor: Skin              |     3 |     3 |    60 |     5 ||    71
Dodge: Dodged            |    75 |    70 |   827 |   241 ||  1213
